 Dungeon Crawl Stone Soup version 0.32-a0-872-g59262bdc9b (webtiles) character file.

Game seed: 2281093811995191070

21538 601d51SH the Blocker (level 12, -8/88 HPs)
             Began as a Gnoll Fighter on Mar 31, 2024.
             Was a Priest of Hepliaklqana.
             Mangled by a wyvern (10 damage)
             ... on level 2 of the Lair of Beasts.
             The game lasted 00:45:08 (9789 turns).

601d51SH the Blocker (Gnoll Fighter)                Turns: 9789, Time: 00:45:10

Health: -8/88      AC: 32    Str: 18    XL:     12   Next: 91%
Magic:  33/33      EV: 25    Int:  6    God:    Hepliaklqana [***...]
Gold:   563        SH: 11    Dex: 14    Spells: 23/27 levels left

rFire   + + +        b - +16 consecrated labrys {holy, Valiant ^Fragile Fly SInv}
rCold   . . .        L - +0 kite shield
rNeg    + . .        S - +8 pearl dragon scales of Eraonac {Harm ^Drain rN+ Slay+4}
rPois   +            j - +2 helmet
rElec   .            V - +2 cloak "Qatt" {rPois rF+++ rCorr Int-2}
rCorr   +            c - +0 pair of gloves
SInv    +            M - +0 pair of boots
Will    .....        C - amulet of the acrobat
Stlth   ++           D - ring of magical power
HPRegen 0.34/turn    O - ring of resist corrosion
MPRegen 0.23/turn

%: harm (+30% outgoing, +20% incoming), acrobat
@: acrobatic, flying, slowed, very slow
A: reduced essence, fangs 1, strong nose, distributed training
a: Renounce Religion, Recall Ancestor, Ancestor Identity, Transference


You were on level 2 of the Lair of Beasts.
You worshipped Hepliaklqana.
Hepliaklqana was most pleased with you.
You visited 3 branches of the dungeon, and saw 14 of its levels.

You collected 563 gold pieces.

Inventory:

Hand Weapons
 a - a +4 quarterstaff of chaos
 b - the +16 consecrated labrys (weapon) {holy, Valiant ^Fragile Fly SInv}
   (You took it off an orc on level 7 of the Dungeon)

   Valiant:   It becomes more powerful as more dangerous foes come into view.
   SInv:      It lets you see invisible.
   Fly:       It grants you flight.
   ^Fragile:  It will be destroyed if unequipped.
 m - the +9 sling of Actus Reus {elec, rElec Str+3 Int-3 Dex+3}
   (You found it on level 2 of the Dungeon)

   Str+3:     It affects your strength (+3).
   Int-3:     It affects your intelligence (-3).
   Dex+3:     It affects your dexterity (+3).
   rElec:     It insulates you from electricity.
 H - a +4 hand axe of freezing
 I - a +5 long sword of freezing
Missiles
 y - 12 boomerangs
 K - 18 poisoned darts
 U - a throwing net
 Y - 2 curare-tipped darts (quivered)
Armour
 c - a +0 pair of gloves (worn)
 j - a +2 helmet (worn)
 L - a +0 kite shield (worn)
 M - a +0 pair of boots (worn)
 S - the +8 pearl dragon scales of Eraonac (worn) {Harm ^Drain rN+ Slay+4}
   (You found it on level 7 of the Dungeon)

   Slay+4:    It affects your accuracy & damage with ranged weapons and melee
   (+4).
   rN+:       It protects you from negative energy.
   ^Drain:    It drains your maximum health when unequipped.
   Harm:      It increases damage dealt and taken.
 V - the +2 cloak "Qatt" (worn) {rPois rF+++ rCorr Int-2}
   (You found it on level 7 of the Dungeon)

   Int-2:     It affects your intelligence (-2).
   rF+++:     It renders you almost immune to fire.
   rPois:     It protects you from poison.
   rCorr:     It protects you from acid and corrosion.
Jewellery
 C - an amulet of the acrobat (around neck)
 D - a ring of magical power (left hand)
 O - a ring of resist corrosion (right hand)
Talismans
 l - a maw talisman
Wands
 i - a wand of flame (28)
 v - a wand of light (13)
 w - a wand of warping (8)
 P - a wand of mindburst (9)
Scrolls
 e - a scroll of blinking {unknown}
 f - 13 scrolls of identify {unknown}
 h - 3 scrolls of immolation {unknown}
 k - 6 scrolls of teleportation {unknown}
 p - 2 scrolls of enchant armour {unknown}
 F - a scroll of silence {unknown}
 N - 2 scrolls of acquirement {unknown}
 R - a scroll of brand weapon {unknown}
 W - a scroll of poison {unknown}
 X - a scroll of amnesia {unknown}
Potions
 d - 2 potions of might
 g - 2 potions of heal wounds {unknown}
 n - a potion of haste {unknown}
 o - 2 potions of lignification {unknown}
 q - a potion of ambrosia {unknown}
 t - a potion of resistance {unknown}
 u - a potion of invisibility {unknown}
 z - 4 potions of brilliance {unknown}
 A - 2 potions of enlightenment {unknown}
 B - a potion of magic {unknown}
 G - a potion of mutation {unknown}
 J - 2 potions of cancellation {unknown}
 T - 2 potions of berserk rage {unknown}


   Skills:
 + Level 10.4 Fighting
 + Level 8.0 Short Blades
 + Level 8.0 Long Blades
 + Level 8.0 Axes
 + Level 8.0 Maces & Flails
 + Level 9.3 Polearms
 + Level 8.0 Staves
 + Level 8.0 Ranged Weapons
 + Level 8.0 Throwing
 + Level 10.4 Armour
 + Level 8.0 Dodging
 + Level 8.0 Stealth
 + Level 10.4 Shields
 + Level 8.0 Unarmed Combat
 + Level 8.0 Spellcasting
 + Level 6.6 Conjurations
 + Level 6.6 Hexes
 + Level 6.6 Summonings
 + Level 6.6 Necromancy
 + Level 6.6 Translocations
 + Level 6.6 Fire Magic
 + Level 6.6 Ice Magic
 + Level 6.6 Air Magic
 + Level 6.6 Earth Magic
 + Level 6.6 Alchemy
 + Level 8.8 Invocations
 + Level 8.0 Evocations
 + Level 7.3 Shapeshifting


You had 23 spell levels left.
You knew the following spells:

 Your Spells              Type           Power      Damage    Failure   Level
a - Necrotise             Necr           40%        1d6       9%          1
b - Summon Ice Beast      Ice/Summ       10%        N/A       26%         3

Your spell library contained the following spells:

 Spells                   Type           Power      Damage    Failure   Level
 Apportation              Tloc           20%        N/A       9%          1
 Kiss of Death            Conj/Necr      40%        2d8       9%          1
 Sting                    Conj/Alch      40%        1d5       9%          1
 Summon Small Mammal      Summ           40%        N/A       9%          1
 Lesser Beckoning         Tloc           20%        N/A       13%         2
 Mercury Vapours          Alch/Air       20%        N/A       13%         2
 Confusing Touch          Hex            10%        N/A       26%         3
 Hailstorm                Conj/Ice       10%        3d6       26%         3
 Mephitic Cloud           Conj/Alch/Air  10%        N/A       26%         3
 Teleport Other           Tloc           10%        N/A       26%         3
 Dispel Undead            Necr           10%        3d9       65%         4
 Maxwell's Portable Pile  Tloc           10%        2d(7-13)  65%         4
 Freezing Cloud           Conj/Ice/Air   5%         6-21      94%         5
 Permafrost Eruption      Ice/Erth       5%         2x4d2     100%        6
 Sculpt Simulacrum        Ice/Alch       5%         N/A       100%        6


Dungeon Overview and Level Annotations

Branches:
Dungeon (11/15)            Temple (1/1) D:6            Lair (2/5) D:11
 Shoals (0/4) Lair:2          Orc (0/2) D:11
  Snake: Lair:2-3    Spider: Lair:2-3

Altars:
Ashenzari
Cheibriados
Dithmenos
Elyvilon
Fedhas
Gozag
Hepliaklqana
Kikubaaqudgha
Makhleb
Nemelex Xobeh
Okawaru
Qazlal
Ru
Sif Muna
Trog
Uskayaw
Vehumet
Wu Jian
Xom
Yredelemnul
Zin
The Shining One

Shops:
D:6 *

Annotations:
D:7 3 runed translucent doors
Lair:2 exclusion: oklob plant


Innate Abilities, Weirdness & Mutations

Your life essence is reduced to manifest your ancestor. (-10% HP)
You have very sharp teeth.
Your uncanny sense of smell can sniff out nearby items.
Your experience applies equally to all skills.


Message History

You block the nine-headed hydra's attack.
The nine-headed hydra barely misses you.
The nine-headed hydra bites you but does no damage. x2
The nine-headed hydra barely misses you.
The nine-headed hydra bites you!
The blink frog hits you but does no damage.
The black mamba bites you but does no damage.
The nine-headed hydra bites you but does no damage. x7
The nine-headed hydra closely misses you.
The nine-headed hydra bites you but does no damage.
The blink frog barely misses you. The black mamba bites you.
You slash the blink frog!
You kill the blink frog!
You closely miss the black mamba.
You chop one of the nine-headed hydra's heads off!
The eight-headed hydra grows two more!
You slash the ten-headed hydra! The black mamba barely misses you.
The ten-headed hydra bites you!
You block the ten-headed hydra's attack.
The ten-headed hydra bites you but does no damage. x2
You block the ten-headed hydra's attack.
The ten-headed hydra bites you but does no damage.
The ten-headed hydra bites you!
You block the ten-headed hydra's attack.
The ten-headed hydra bites you.
The ten-headed hydra bites you but does no damage.
The black mamba misses you. The ten-headed hydra bites you!
The ten-headed hydra bites you.
The ten-headed hydra closely misses you.
The ten-headed hydra bites you but does no damage. x3
The ten-headed hydra misses you. The ten-headed hydra bites you. x2
The ten-headed hydra bites you but does no damage.
The black mamba bites you!
* * * LOW HITPOINT WARNING * * *
The black mamba attacks as it pursues you!
The black mamba closely misses you. You block the wyvern's attack.
The black mamba bites you!
* * * LOW HITPOINT WARNING * * *
The wyvern bites you!
You die...
Hepliaklqana delivers you to your ancestors.

##..####..###....##....P~≈
#......##.##............~≈ ##
#####...............##..P.... ...
.................#...#....... #..
###...........#..............
#..###........##..##..#..........
....##.....##.##..#..##..........
.....#...#.##..#.#.#.##.P#PP.....
.....#....###.##@#.....[.#......#
...........#...kDk...............
..........#.#.#†S#...............
...............w.....$......$....
.....#.....................PPP...
......#######.............)PPP?..
.....## ##.#...........PPP...
.....# ####..##.............
...### #....#####..#........


You could see a ten-headed hydra, a torpor snail, a black mamba and 2 wyverns.

Vanquished Creatures
  Erica (D:8)
  A two-headed ogre (D:9)
  Pikel (D:4)
  An ugly thing (D:7)
  A manticore (D:7)
  A cyclops (D:7)
  An elephant (Lair:1)
  2 black mambas
  2 unseen horrors
  5 cane toads
  A gargoyle (D:7)
  5 komodo dragons
  Psyche (D:8)
  A polar bear (Lair:1)
  2 trolls
  7 blink frogs
  A shadow (D:9)
  Sigmund (D:3)
  A slime creature (D:7)
  A wraith (D:11)
  2 yaks (Lair:1)
  3 wyverns
  2 steam dragons (D:10)
  7 vampire mosquitoes
  A basilisk (Lair:2)
  9 water moccasins
  An acid dragon (D:10)
  4 orc warriors
  3 sky beasts (D:7)
  An ice beast (D:6)
  4 black bears
  4 wolves (Lair:1)
  4 centaurs
  3 lemures (D:4)
  A phantom (D:7)
  2 kobold brigands
  7 bullfrogs
  2 gnoll sergeants (D:7)
  5 scorpions
  A water moccasin zombie (D:6)
  5 wights (D:6)
  14 killer bees
  2 electric eels (Lair:1)
  3 bullfrog zombies (D:6)
  A centaur zombie (D:6)
  3 hounds
  2 bombardier beetles
  2 gnoll boudas
  6 orc priests
  Crazy Yiuf (D:4)
  2 jellies
  3 sleepcaps
  4 iguanas
  Ijyb (D:3)
  9 orc wizards
  A killer bee zombie (D:6)
  A howler monkey zombie (D:6)
  Robin (D:2)
  12 gnolls
  4 adders
  2 white imps (D:7)
  6 ufetubi
  2 dart slugs (D:1)
  4 ribbon worms
  47 orcs
  2 endoplasms (D:1)
  A giant cockroach (D:3)
  15 goblins
  9 hobgoblins
  4 jackals (D:3)
  13 kobolds
  A quokka (D:5)
  5 ball pythons
  5 bats
  3 frilled lizards
  7 rats
306 creatures vanquished.

Vanquished Creatures (collateral kills)
  3 elephants (Lair:1)
  A troll (D:10)
  A komodo dragon (D:11)
  3 blink frogs (Lair:1)
  4 yaks
  A wyvern (Lair:1)
  A vampire mosquito (D:10)
  2 wolves (Lair:1)
  A bullfrog (Lair:1)
  An electric eel (Lair:1)
  An orc priest (D:9)
19 creatures vanquished.

Vanquished Creatures (others)
  An ancestor (D:9)
1 creature vanquished.

Grand Total: 326 creatures vanquished

Notes
Turn   | Place    | Note
-------+----------+-------------------------------------------
     0 | D:1      | 601d51SH the Gnoll Fighter began the quest for the Orb.
     0 | D:1      | Reached XP level 1. HP: 23/23 MP: 1/1
   168 | D:1      | Reached XP level 2. HP: 29/29 MP: 2/2
   206 | D:1      | Found a faded altar of an unknown god.
   691 | D:2      | Reached XP level 3. HP: 35/35 MP: 3/3
   764 | D:2      | Noticed Robin
   768 | D:2      | Reached skill level 1 in Invocations
   773 | D:2      | Killed Robin
   774 | D:2      | Reached skill level 1 in Short Blades
   774 | D:2      | Reached skill level 1 in Long Blades
   774 | D:2      | Reached skill level 1 in Axes
   774 | D:2      | Reached skill level 1 in Maces & Flails
   774 | D:2      | Reached skill level 1 in Staves
   774 | D:2      | Reached skill level 1 in Ranged Weapons
   774 | D:2      | Reached skill level 1 in Throwing
   774 | D:2      | Reached skill level 1 in Dodging
   774 | D:2      | Reached skill level 1 in Stealth
   774 | D:2      | Reached skill level 1 in Unarmed Combat
   774 | D:2      | Reached skill level 1 in Spellcasting
   774 | D:2      | Reached skill level 1 in Evocations
   951 | D:2      | Reached skill level 1 in Shapeshifting
   951 | D:2      | Reached XP level 4. HP: 41/41 MP: 5/5
  1197 | D:2      | Identified the +9 sling of Actus Reus {elec, rElec Str+3
                  | Int-3 Dex+3}
  1212 | D:2      | Reached skill level 1 in Conjurations
  1212 | D:2      | Reached skill level 1 in Hexes
  1212 | D:2      | Reached skill level 1 in Summonings
  1212 | D:2      | Reached skill level 1 in Necromancy
  1212 | D:2      | Reached skill level 1 in Translocations
  1212 | D:2      | Reached skill level 1 in Fire Magic
  1212 | D:2      | Reached skill level 1 in Ice Magic
  1212 | D:2      | Reached skill level 1 in Air Magic
  1212 | D:2      | Reached skill level 1 in Earth Magic
  1212 | D:2      | Reached skill level 1 in Alchemy
  1464 | D:3      | Reached XP level 5. HP: 47/47 MP: 5/7
  1567 | D:3      | Noticed Sigmund
  1583 | D:3      | Killed Sigmund
  1584 | D:3      | Reached skill level 5 in Polearms
  1584 | D:3      | Reached XP level 6. HP: 48/53 MP: 7/9
  1641 | D:3      | Learned a level 1 spell: Necrotise
  1815 | D:3      | Reached XP level 7. HP: 60/60 MP: 10/10
  1924 | D:3      | Noticed Ijyb
  1926 | D:3      | Killed Ijyb
  2064 | D:4      | You fall into a shaft and drop 1 floor!
  2064 | D:5      | Entered Level 5 of the Dungeon
  2566 | D:4      | Reached XP level 8. HP: 64/67 MP: 12/12
  2644 | D:4      | Noticed Pikel
  2662 | D:4      | Killed Pikel
  3059 | D:4      | Found a blossoming altar of Fedhas.
  3060 | D:4      | Found an ornate altar of the Wu Jian Council.
  3067 | D:4      | Found a sparkling altar of Nemelex Xobeh.
  3109 | D:4      | Found a runed translucent door.
  3110 | D:4      | Noticed Crazy Yiuf
  3117 | D:4      | Killed Crazy Yiuf
  3394 | D:6      | Reached XP level 9. HP: 73/73 MP: 14/14
  3528 | D:6      | Found a basalt altar of Yredelemnul.
  3704 | D:6      | Found Ciw Angakk's General Store.
  3946 | D:6      | Found a staircase to the Ecumenical Temple.
  3954 | D:6      | Reached skill level 5 in Invocations
  4011 | Temple   | Entered the Ecumenical Temple
  4097 | Temple   | Became a worshipper of Hepliaklqana the Forgotten
  4803 | D:7      | Noticed a manticore
  4816 | D:7      | Killed a manticore
  4817 | D:7      | Reached skill level 5 in Short Blades
  4817 | D:7      | Reached skill level 5 in Long Blades
  4817 | D:7      | Reached skill level 5 in Axes
  4817 | D:7      | Reached skill level 5 in Maces & Flails
  4817 | D:7      | Reached skill level 5 in Staves
  4817 | D:7      | Reached skill level 5 in Ranged Weapons
  4817 | D:7      | Reached skill level 5 in Throwing
  4817 | D:7      | Reached skill level 5 in Dodging
  4817 | D:7      | Reached skill level 5 in Stealth
  4817 | D:7      | Reached skill level 5 in Unarmed Combat
  4817 | D:7      | Reached skill level 5 in Spellcasting
  4817 | D:7      | Reached skill level 5 in Evocations
  4817 | D:7      | Reached XP level 10. HP: 50/82 MP: 17/17
  4936 | D:7      | Noticed a gargoyle
  4938 | D:7      | Noticed a cyclops
  4966 | D:7      | Killed a gargoyle
  4970 | D:7      | Killed a cyclops
  5039 | D:7      | Reached skill level 5 in Shapeshifting
  5085 | D:7      | Found a runed translucent door.
  5112 | D:7      | Killed an unseen horror
  5124 | D:7      | Identified the +8 pearl dragon scales of Eraonac {Harm
                  | ^Drain rN+ Slay+4}
  5228 | D:7      | Found a runed translucent door.
  5266 | D:7      | Found a runed translucent door.
  5266 | D:7      | Noticed a purple ugly thing
  5267 | D:7      | Identified the +2 cloak "Qatt" {rPois rF+++ rCorr Int-2}
  5270 | D:7      | Found a runed translucent door.
  5270 | D:7      | Identified the +1 robe of the Old World {rCorr}
  5718 | D:7      | Killed a purple ugly thing
  5734 | D:7      | Reached skill level 5 in Conjurations
  5734 | D:7      | Reached skill level 5 in Hexes
  5734 | D:7      | Reached skill level 5 in Summonings
  5734 | D:7      | Reached skill level 5 in Necromancy
  5734 | D:7      | Reached skill level 5 in Translocations
  5734 | D:7      | Reached skill level 5 in Fire Magic
  5734 | D:7      | Reached skill level 5 in Ice Magic
  5734 | D:7      | Reached skill level 5 in Air Magic
  5734 | D:7      | Reached skill level 5 in Earth Magic
  5734 | D:7      | Reached skill level 5 in Alchemy
  5741 | D:7      | Reached XP level 11. HP: 38/89 MP: 20/20
  6136 | D:8      | Reached * piety under Hepliaklqana
  6268 | D:8      | Noticed Erica
  6276 | D:8      | Killed Erica
  6441 | D:8      | Noticed Psyche
  6447 | D:8      | Killed Psyche
  6758 | D:9      | Found a shadowy altar of Dithmenos.
  6905 | D:9      | Noticed a two-headed ogre
  6911 | D:9      | Killed a two-headed ogre
  7107 | D:9      | Reached ** piety under Hepliaklqana
  7110 | D:9      | Remembered your ancestor Fepey as a hexer
  7173 | D:9      | Learned a level 3 spell: Summon Ice Beast
  7368 | D:10     | Entered Level 10 of the Dungeon
  7900 | D:11     | Found a staircase to the Lair.
  8341 | D:11     | Reached XP level 12. HP: 87/87 MP: 22/22
  8364 | D:11     | Found a staircase to the Orcish Mines.
  8444 | Lair:1   | Entered Level 1 of the Lair of Beasts
  8912 | Lair:1   | Reached *** piety under Hepliaklqana
  8945 | Lair:1   | Reached skill level 10 in Fighting
  8945 | Lair:1   | Reached skill level 10 in Armour
  8945 | Lair:1   | Reached skill level 10 in Shields
  9243 | Lair:1   | You are sucked into a shaft and drop 1 floor!
  9416 | Lair:2   | Found a staircase to the Shoals.
  9772 | Lair:2   | Noticed a seven-headed hydra
  9789 | Lair:2   | HP: 2/88 [black mamba (10)]
  9789 | Lair:2   | Mangled by a wyvern

Illustrated notes

Levels and vault maps discovered:
D:1:      heliophobic_arrival_henge, layout_loops_ring,
          hellmonk_ecumenical_altar_pennies_from_heaven
D:2:      layout_loops_cross, minmay_octomino_j4, uniq_robin
D:3:      layout_rooms, uniq_ijyb, uniq_sigmund
D:4:      layout_loops_ring, minitemple, uniq_crazy_yiuf_cottage, uniq_pikel
D:5:      layout_rooms
D:6:      layout_basic, nicolae_yredelemnul_corpse_copse,
          minmay_temple_entry_sparse_star, serial_shops, shop, abandoned_shop,
          feat_on_display
D:7:      minmay_the_grid_four_pointed_star
          [minmay_the_grid_triangle_9x9_subtriangle,
          minmay_the_grid_triangle_9x9_semitri,
          minmay_the_grid_triangle_9x9_fully_insulated_deathbox,
          minmay_the_grid_triangle_9x9_steps, minmay_the_grid_prize_trominoes],
          layout_basic
D:8:      layout_cave_pods, uniq_erica, uniq_psyche
D:9:      layout_long_grid, mainiacjoe_overflow_cross_hatched, chequers_garden,
          kennysheep_decorative_pillar
D:10:     layout_rooms
D:11:     layout_loops_ring, grunt_lair_entry_orc_guard_hut, orc_0_dummy
Temple:   minmay_temple_bridge_d
Lair:1:   layout_roguey, nicolae_quartered_pool_medium, grunt_megastairs_3,
          serial_bayou_shore_b, infiniplex_staircase_pool
Lair:2:   layout_gridlike, minmay_shoals_entry_lonely_mermaid,
          nicolae_volcano_entry_s_turn, fungi_pond_lemuel,
          minmay_lair_oklob_bushes, roderic_batcave, pdpol_lair_cavern_descent,
          serial_bayou_shore_b

Skill      XL: |  1  2  3  4  5  6  7  8  9 10 11 12 |
---------------+-------------------------------------+-----
Invocations    | 1 2 3 4 5 6 7 8 |  8.8
Short Blades   | 1 2 3 5 6 7 8 |  8.0
Long Blades    | 1 2 3 5 6 7 8 |  8.0
Axes           | 1 2 3 5 6 7 8 |  8.0
Maces & Flails | 1 2 3 5 6 7 8 |  8.0
Staves         | 1 2 3 5 6 7 8 |  8.0
Ranged Weapons | 1 2 3 5 6 7 8 |  8.0
Throwing       | 1 2 3 5 6 7 8 |  8.0
Dodging        | 1 2 3 5 6 7 8 |  8.0
Stealth        | 1 2 3 5 6 7 8 |  8.0
Unarmed Combat | 1 2 3 5 6 7 8 |  8.0
Spellcasting   | 1 2 3 5 6 7 8 |  8.0
Evocations     | 1 2 3 5 6 7 8 |  8.0
Shapeshifting  | 1 2 3 4 5 6 7 |  7.3
Conjurations   | 1 2 3 4 5 6 |  6.6
Hexes          | 1 2 3 4 5 6 |  6.6
Summonings     | 1 2 3 4 5 6 |  6.6
Necromancy     | 1 2 3 4 5 6 |  6.6
Translocations | 1 2 3 4 5 6 |  6.6
Fire Magic     | 1 2 3 4 5 6 |  6.6
Ice Magic      | 1 2 3 4 5 6 |  6.6
Air Magic      | 1 2 3 4 5 6 |  6.6
Earth Magic    | 1 2 3 4 5 6 |  6.6
Alchemy        | 1 2 3 4 5 6 |  6.6
Polearms       | 5 6 7 8 9 |  9.3
Fighting       | 7 8 9 10 | 10.4
Armour         | 7 8 9 10 | 10.4
Shields        | 7 8 9 10 | 10.4

Action                     |  1- 3 |  4- 6 |  7- 9 | 10-12 || total
---------------------------+-------+-------+-------+-------++-------
  Melee: Trident           |    75 |       |       |       ||    75
         Bite              |     2 |     2 |       |    21 ||    25
         Short sword       |     4 |    19 |       |       ||    23
         Sling             |       |     1 |       |       ||     1
         Labrys            |       |       |       |   266 ||   266
         Unarmed           |       |       |       |     1 ||     1
   Fire: Sling             |       |    76 |   279 |    76 ||   431
   Cast: Necrotise         |       |     1 |     2 |     3 ||     6
         Summon Ice Beast  |       |       |       |     5 ||     5
 Invoke: Ancestor Life: He |       |       |       |     1 ||     1
  Evoke: Wand              |       |       |       |     1 ||     1
    Use: Potion            |     1 |       |       |       ||     1
   Stab: Distracted        |       |       |       |     4 ||     4
         Confused          |       |       |       |     1 ||     1
         Sleeping          |       |       |       |     1 ||     1
 Armour: Scale mail        |    70 |    39 |       |       ||   109
         Ring mail         |       |     4 |    62 |       ||    66
         Ice dragon scales |       |       |    17 |    51 ||    68
         Pearl dragon scal |       |       |       |   295 ||   295
  Dodge: Dodged            |    34 |    32 |    51 |   269 ||   386
  Block: Buckler           |    31 |    12 |    39 |       ||    82
         Kite shield       |       |       |    12 |   331 ||   343

Table legend: (Time is in decaauts)
 A = Elapsed time spent in this place.
 B = Non-inter-level travel time spent in this place.
 C = Inter-level travel time spent in this place.
 D = Time resting spent in this place.
 E = Time spent auto-exploring this place.
 F = Levels seen in this place.
 G = Mean time per level.
                   A        B        C        D        E       F      G
               +--------+--------+--------+--------+--------+-----+--------+
         Total |  10053 |   9479 |    574 |    619 |   5558 |  14 |  718.1 |
       Dungeon |   8508 |   8200 |    308 |    280 |   5381 |  11 |  773.5 |
        Temple |    158 |     23 |    135 |      0 |      0 |   1 |  158.0 |
          Lair |   1386 |   1255 |    131 |    339 |    177 |   2 |  693.0 |
               +--------+--------+--------+--------+--------+-----+--------+

Top non-repeatable levels by time:
     D:7: 1619 daAuts
     D:6: 868 daAuts
     D:8: 838 daAuts
  Lair:1: 820 daAuts
     D:4: 818 daAuts
     D:2: 779 daAuts
     D:1: 695 daAuts
    D:11: 649 daAuts
     D:9: 641 daAuts
     D:3: 617 daAuts
  Lair:2: 566 daAuts
     D:5: 537 daAuts
    D:10: 441 daAuts
  Temple: 158 daAuts
